 Dungeon Crawl Stone Soup version 0.31.0-7-gf635a9b802 (webtiles) character file.

Game seed: 1002947742169253801

55 Arctor the Shooter (level 4, -3/26 HPs)
             Began as a Kobold Hexslinger on Jan 24, 2024.
             Succumbed to a gnoll's poison
             ... on level 2 of the Dungeon.
             The game lasted 00:01:05 (1045 turns).

Arctor the Shooter (Kobold Hexslinger)              Turns: 1045, Time: 00:01:05

Health: -3/26      AC:  2    Str:  5    XL:     4   Next: 14%
Magic:  6/6        EV: 15    Int: 14    God:
Gold:   82         SH:  0    Dex: 19    Spells: 1/6 levels left

rFire   . . .        a - +1 sling
rCold   . . .        (no shield)
rNeg    . . .        c - +0 robe
rPois   .            (no helmet)
rElec   .            (no cloak)
rCorr   .            (no gloves)
SInv    .            (no boots)
Will    .....        (no amulet)
Stlth   +++          (no ring)
HPRegen 0.24/turn    (no ring)
MPRegen 0.10/turn

%: no passive effects
@: mighty, lethally poisoned (-3 -> -23)
A: small, no large weapons, nightstalker 3
a: no special abilities


You were on level 2 of the Dungeon.
You visited 1 branch of the dungeon, and saw 2 of its levels.

You collected 82 gold pieces.

Inventory:

Hand Weapons
 a - a +1 sling (weapon)
Armour
 c - a +0 robe (worn)
Magical Staves
 h - a staff of conjuration
Jewellery
 i - a ring of poison resistance
Wands
 j - a wand of polymorph (6)
Scrolls
 b - a scroll of poison
 d - 2 scrolls of noise {unknown}
Potions
 f - a potion of curing {unknown}
 g - a potion of lignification {unknown}


   Skills:
 + Level 1.9 Fighting
 + Level 3.3 Ranged Weapons
 + Level 2.9 Dodging
 + Level 1.7 Spellcasting
 + Level 3.2 Hexes
 + Level 1.7 Fire Magic


You had one spell level left.
You knew the following spells:

 Your Spells              Type           Power      Damage    Failure   Level
a - Jinxbite              Hex            20%        N/A       10%         2
b - Inner Flame           Hex/Fire       8%         N/A       26%         3

Your spell library contained the following spells:

 Spells                   Type           Power      Damage    Failure   Level
 Sigil of Binding         Hex            10%        N/A       19%         3
 Cause Fear               Hex            5%         N/A       54%         4
 Dimensional Bullseye     Hex/Tloc       2%         N/A       77%         4


Dungeon Overview and Level Annotations

Branches:
Dungeon (2/15)

Altars:


Innate Abilities, Weirdness & Mutations

You are small and have problems with some larger weapons.
You are completely attuned to the shadows.


Message History

A gnoll is nearby!
You shoot a sling bullet.
The sling bullet hits the gnoll but does no damage.
The gnoll is moderately wounded.
The gnoll closely misses you.
A gnoll is nearby!
You shoot a sling bullet. The sling bullet hits the gnoll.
The gnoll is severely wounded.
You hear a shout!
The gnoll hits you with a +0 whip.
A gnoll comes into view.
It is wielding a +0 spear of venom and quivering a throwing net.
There are monsters nearby!
You shoot a sling bullet.
The sling bullet barely misses the gnoll.
The gnoll misses you.
You shoot a sling bullet.
The sling bullet barely misses the gnoll.
The gnoll closely misses you.
You shoot a sling bullet. The sling bullet hits the gnoll.
You kill the gnoll!
The gnoll misses you.
The gnoll hits you from afar with a +0 spear of venom!
You are poisoned.
You have reached level 4!
It was a potion of might.
You feel very mighty all of a sudden.
You feel very sick.
The gnoll throws a throwing net.
The throwing net barely misses you.
You feel sick. The gnoll barely misses you.
Things that are here:
a +0 whip; a gnoll corpse You shoot a sling bullet.
The sling bullet hits the gnoll.
The gnoll is lightly wounded.
You feel sick.
The gnoll hits you with a +0 spear of venom!
* * * LOW HITPOINT WARNING * * *
You are more poisoned.
You shoot a sling bullet. The sling bullet hits the gnoll!
The gnoll is severely wounded.
You die...

######## ....
#....... ....
#....... ....
#.......
....#####
#.......
...g@..(##
#.......
....###..##
#....... ####
##..####.......
##....#.......
####.........
######....
.....# .#...#
#.#.#


You could see a gnoll.

Vanquished Creatures
  A gnoll (D:2)
  An adder (D:2)
  A dart slug (D:1)
  A bat (D:1)
  5 endoplasms
  A giant cockroach (D:1)
  A goblin (D:1)
  4 hobgoblins
  3 jackals (D:1)
  2 quokkas (D:1)
  2 ball pythons
  3 kobolds (D:1)
  7 rats
32 creatures vanquished.

Notes
Turn   | Place    | Note
-------+----------+-------------------------------------------
     0 | D:1      | Arctor the Kobold Hexslinger began the quest for the Orb.
     0 | D:1      | Reached XP level 1. HP: 12/12 MP: 2/2
    94 | D:1      | Reached XP level 2. HP: 16/16 MP: 3/3
    97 | D:1      | Learned a level 2 spell: Jinxbite
   348 | D:1      | Found a faded altar of an unknown god.
   559 | D:1      | Reached XP level 3. HP: 20/20 MP: 5/5
   757 | D:1      | Learned a level 3 spell: Inner Flame
  1042 | D:2      | Reached XP level 4. HP: 16/26 MP: 6/6
  1045 | D:2      | Succumbed to a gnoll's poison

Illustrated notes

Levels and vault maps discovered:
D:1:      minmay_arrival_wavy_path, layout_basic,
          hellmonk_ecumenical_altar_crossroads
D:2:      layout_rooms, serial_park_tiny_2, minmay_tetromino_o2

Skill      XL: |  1  2 |
---------------+-------+-----
Ranged Weapons | 3 |  3.3
Fighting       | |  1.9
Dodging        | |  2.9
Spellcasting   | |  1.7
Hexes          | |  3.2
Fire Magic     | |  1.7

Action                     |  1- 3 |  4- 6 || total
---------------------------+-------+-------++-------
   Fire: Sling             |    74 |     2 ||    76
   Cast: Inner Flame       |     1 |       ||     1
    Use: Potion            |       |     1 ||     1
 Armour: Robe              |    16 |     1 ||    17
  Dodge: Dodged            |    36 |     2 ||    38
